 Dungeon Crawl Stone Soup version 0.30.1-4-g462c640d31 (webtiles) character file.

Game seed: 3039613234989856132

8437 coolio the Cleaver (level 11, -8/69 (87) HPs)
             Began as a Demonspawn Fighter on Aug 25, 2023.
             Was a Believer of Makhleb.
             Mangled by a spectral six-headed hydra (10 damage)
             ... in a Gauntlet.
             The game lasted 00:13:08 (10136 turns).

coolio the Cleaver (Demonspawn Fighter)            Turns: 10136, Time: 00:13:10

HP:   -8/69 (87)    AC: 15    Str: 19    XL:     11   Next: 9%
MP:   18/18         EV:  9    Int:  9    God:    Makhleb [**....]
Gold: 534           SH:  0    Dex: 17    Spells: 10/10 levels left

rFire   + + .        a - +0 war axe
rCold   x . .        m - orb {light}
rNeg    . . .        F - +0 fire dragon scales
rPois   .            j - +2 hat
rElec   .            (no cloak)
rCorr   +            (no gloves)
SInv    .            (no boots)
Will    .....        J - amulet of the acrobat Stlth
                     d - ring of resist corrosion
HPRegen 0.31/turn    (no ring)
MPRegen 0.16/turn

%: no teleportation, acrobat
@: mighty, glowing, heavily drained
A: hooves 1, molten scales 2, powered by death 2, powered by pain 1, agile 1,
high MP 1
a: Renounce Religion, Minor Destruction


You were in a Gauntlet.
You worshipped Makhleb.
Makhleb was pleased with you.
You visited 2 branches of the dungeon, and saw 12 of its levels.
You also visited: Sewer and Gauntlet.

You collected 534 gold pieces.

Inventory:

Hand Weapons
 a - a +0 war axe (weapon)
Missiles
 y - a throwing net (quivered)
Armour
 j - a +2 hat (worn)
 m - an orb of light (worn)
 F - +0 fire dragon scales (worn)
Jewellery
 d - a ring of resist corrosion (left hand)
 G - an amulet of guardian spirit
 J - an amulet of the acrobat (around neck)
Wands
 v - a wand of polymorph (3)
 B - a wand of flame (15)
 E - a wand of light (7)
 H - a wand of mindburst (4)
Scrolls
 e - 2 scrolls of blinking
 f - 5 scrolls of teleportation
 n - 3 scrolls of enchant weapon
 o - 2 scrolls of torment
 q - 3 scrolls of vulnerability
 s - 2 scrolls of amnesia
 t - 3 scrolls of fear
 w - 2 scrolls of enchant armour
 x - 3 scrolls of fog
 C - a scroll of silence
 D - a scroll of poison
 K - a scroll of butterflies
Potions
 b - a potion of lignification {unknown}
 c - 4 potions of curing
 g - 2 potions of invisibility {unknown}
 h - 4 potions of brilliance
 k - 2 potions of attraction {unknown}
 l - a potion of berserk rage
 p - 6 potions of flight
 r - a potion of magic {unknown}
 u - a potion of cancellation {unknown}
 z - a potion of mutation
 A - 3 potions of heal wounds {unknown}
 I - a potion of ambrosia {unknown}


   Skills:
 + Level 8.6 Fighting
 * Level 10.6 Axes
 + Level 7.9 Armour
 - Level 2.6 Shields
 + Level 8.1 Invocations


You had 10 spell levels left.
You didn't know any spells.
Your spell library contained the following spells:

 Spells                   Type           Power      Damage    Failure   Level
 Beastly Appendage        Tmut           0%         N/A       78%         1
 Freeze                   Ice            0%         1d3       78%         1
 Ensorcelled Hibernation  Hex/Ice        0%         N/A       89%         2
 Wereblood                Tmut           0%         N/A       89%         2
 Frozen Ramparts          Ice            0%         1d1       98%         3
 Hailstorm                Conj/Ice       0%         3d3       98%         3
 Spider Form              Tmut/Pois      0%         N/A       98%         3
 Anguish                  Hex/Necr       0%         N/A       100%        4


Dungeon Overview and Level Annotations

Branches:
Dungeon (11/15)            Temple (1/1) D:4            Lair (0/5) D:9
  Sewer (visited)         Gauntlet (1/1)
    Orc: D:9-12

Altars:
Ashenzari
Cheibriados
Dithmenos
Fedhas
Gozag
Hepliaklqana
Makhleb
Nemelex Xobeh
Okawaru
Qazlal
Ru
Trog
Uskayaw
Wu Jian
Yredelemnul

Portals:
Trove: D:11 (give +6 demon blade)

Annotations:
D:10 3 runed translucent doors, Patrick2011b's ghost, novice TeRe Gauntlet 15 transporters, exclusion: ice statue


Innate Abilities, Weirdness & Mutations

You have large cloven feet.
You are mostly covered in molten scales. (AC +3)
You regenerate health from kills.
You sometimes gain a little power by taking damage.
You are agile. (Dex +4, Str/Int -1)
You have an increased reservoir of magic. (+10% MP)


Message History

You feel drained.
The spectral six-headed hydra bites you!
You feel drained.
The spectral six-headed hydra bites you.
The spectral six-headed hydra closely misses you.
The spectral six-headed hydra bites you.
You slash the spectral six-headed hydra!
You kick the spectral six-headed hydra.
The spectral six-headed hydra is severely damaged.
The spectral six-headed hydra bites you but does no damage.
The spectral six-headed hydra bites you!
You feel drained.
The spectral six-headed hydra bites you but does no damage. x4
You hit the spectral six-headed hydra. You kick the spectral six-headed hydra!
The spectral six-headed hydra is almost destroyed.
The spectral six-headed hydra bites you!
The spectral six-headed hydra bites you but does no damage.
The spectral six-headed hydra closely misses you.
The spectral six-headed hydra bites you.
You feel drained.
* * * LOW HITPOINT WARNING * * *
The spectral six-headed hydra barely misses you.
The spectral six-headed hydra bites you.
* * * LOW HITPOINT WARNING * * *
You feel drained.
Unknown command.
You slash the spectral six-headed hydra!
The spectral six-headed hydra is almost destroyed.
The spectral six-headed hydra bites you but does no damage. x2
The spectral six-headed hydra bites you.
* * * LOW HITPOINT WARNING * * *
You feel drained.
* * * LOW HITPOINT WARNING * * *
The spectral six-headed hydra bites you but does no damage.
The spectral six-headed hydra bites you!
* * * LOW HITPOINT WARNING * * *
You feel drained.
* * * LOW HITPOINT WARNING * * *
The spectral six-headed hydra bites you!
You die...

#..#....k....#...#55....5
#..###########...########
###≈......©......≈.........
#8#∩...∩........≈8§........
###≈......©......≈.........
#..###########...########
#..#....#....#...#y......
###..#...#.#...#...#y#.....
#8#..#.^#.@Z#^.#...#..##.##
###..#.#..#..#.#.###..##.##
#..##..#.#..##.#©#..#.©.#
###..#..#P^.#..#.#.#..##.##
#8#..#^#..#..#^#.#.#..## #
###..##..#.#..##.#.#.#.. ..
#..#=)#.©.#..#.#.#.......
###..#############.########
#8#......#©........#≈≈≈≈ ≈≈


You could see a spectral six-headed hydra.

Vanquished Creatures
  A two-headed ogre (D:8)
  A death scarab (Gauntlet)
  Pikel (D:9)
  A kobold demonologist (D:9)
  A hornet (D:9)
  A wyvern (D:9)
  A steam dragon (D:7)
  Eustachio (D:6)
  12 yaks (D:9)
  Menkaure (D:7)
  4 vampire mosquitoes (D:10)
  A water moccasin (D:9)
  An orc warrior (D:10)
  A sky beast (D:6)
  8 black bears
  A centaur (D:7)
  2 ogres
  2 lemures (D:9)
  2 phantoms
  2 gnoll sergeants
  3 kobold brigands
  5 bullfrogs
  A scorpion (D:4)
  4 wights (D:7)
  5 howler monkeys
  4 orc priests
  A gnoll bouda (D:8)
  2 hounds
  5 jellies
  6 iguanas
  5 orc wizards
  10 adders
  15 gnolls
  6 river rats
  An ufetubus (D:6)
  4 worms
  3 dart slugs
  28 orcs
  10 ball pythons
  11 endoplasms
  6 giant cockroaches
  6 goblins
  5 hobgoblins
  4 jackals (Sewer)
  3 quokkas
  11 bats
  2 frilled lizards (Sewer)
  23 kobolds
  2 rats
236 creatures vanquished.

Vanquished Creatures (others)
  A jelly (D:7)
1 creature vanquished.

Grand Total: 237 creatures vanquished

Notes
Turn   | Place    | Note
-------+----------+-------------------------------------------
     0 | D:1      | coolio the Demonspawn Fighter began the quest for the Orb.
     0 | D:1      | Reached XP level 1. HP: 18/18 MP: 1/1
    15 | D:1      | Found a faded altar of an unknown god.
   247 | D:1      | Reached skill level 2 in Axes
   401 | D:1      | Gained mutation: You regenerate a little health from kills.
                  | [demonic ancestry]
   401 | D:1      | Reached XP level 2. HP: 24/24 MP: 2/2
   959 | D:2      | Found a bloodstained altar of Trog.
  1133 | D:2      | Gained mutation: You have large cloven feet. [demonic
                  | ancestry]
  1133 | D:2      | Reached XP level 3. HP: 29/29 MP: 3/3
  1357 | D:2      | Reached skill level 3 in Axes
  1635 | D:2      | Gained mutation: You are partially covered in molten
                  | scales. (AC +2) [demonic ancestry]
  1635 | D:2      | Reached XP level 4. HP: 35/35 MP: 4/4
  1997 | D:3      | Found a snail-covered altar of Cheibriados.
  2193 | D:3      | Identified the staff of air "Ahunwaan" {rElec Dex+3}
  2348 | D:3      | Found a broken altar of Ashenzari.
  2727 | D:4      | Gained mutation: You regenerate health from kills. [demonic
                  | ancestry]
  2727 | D:4      | Reached XP level 5. HP: 23/42 MP: 5/5
  2841 | D:4      | You fall into a shaft and drop 2 floors!
  2875 | D:6      | Gained mutation: You are agile. (Dex +4, Str/Int -1)
                  | [potion of mutation]
  2875 | D:6      | Gained mutation: You have an increased reservoir of magic.
                  | (+10% MP) [potion of mutation]
  2886 | D:6      | Reached skill level 4 in Axes
  2887 | D:6      | Reached XP level 6. HP: 7/48 MP: 6/6
  2997 | D:6      | Noticed Eustachio
  2999 | D:6      | Noticed a sky beast
  3005 | D:6      | Killed a sky beast
  3008 | D:6      | Killed Eustachio
  3009 | D:6      | Reached skill level 5 in Axes
  3009 | D:6      | Reached XP level 7. HP: 52/55 MP: 7/7
  3058 | D:5      | Entered Level 5 of the Dungeon
  3131 | D:5      | Found a stormy altar of Qazlal.
  3147 | D:5      | Reached skill level 5 in Fighting
  3395 | D:5      | Found a sparkling altar of Nemelex Xobeh.
  3470 | D:5      | Found a glowing drain.
  3491 | Sewer    | Entered a sewer
  3545 | Sewer    | Reached skill level 6 in Axes
  4103 | D:5      | Reached skill level 5 in Armour
  4297 | D:4      | Gained mutation: You are mostly covered in molten scales.
                  | (AC +3) [demonic ancestry]
  4297 | D:4      | Reached XP level 8. HP: 60/63 MP: 8/8
  4591 | D:4      | Found a hide-covered altar of Uskayaw.
  4602 | D:4      | Found a blossoming altar of Fedhas.
  5015 | D:4      | Found a staircase to the Ecumenical Temple.
  5027 | Temple   | Entered the Ecumenical Temple
  5045 | Temple   | Became a worshipper of Makhleb the Destroyer
  5113 | D:4      | Found a basalt altar of Yredelemnul.
  5458 | D:6      | Reached skill level 1 in Invocations
  5486 | D:6      | Reached skill level 7 in Axes
  6313 | D:7      | Reached XP level 9. HP: 57/70 MP: 12/12
  6467 | D:7      | Noticed Menkaure
  6472 | D:7      | Killed Menkaure
  6473 | D:7      | Reached skill level 8 in Axes
  6523 | D:7      | Reached * piety under Makhleb
  7079 | D:8      | Noticed a two-headed ogre
  7309 | D:8      | Killed a two-headed ogre
  7310 | D:8      | Reached skill level 5 in Invocations
  7527 | D:8      | Reached skill level 9 in Axes
  7908 | D:9      | Noticed Pikel
  7924 | D:9      | Killed Pikel
  7925 | D:9      | Reached XP level 10. HP: 19/79 MP: 16/16
  8152 | D:9      | Found a sacrificial altar of Ru.
  8173 | D:9      | Found a shadowy altar of Dithmenos.
  8311 | D:9      | Found a staircase to the Lair.
  8394 | D:9      | Reached skill level 10 in Axes
  8544 | D:9      | Noticed Erolcha
  8546 | D:9      | Erolcha changed into Erolcha the black bear
  8546 | D:9      | Noticed Erolcha
  8553 | D:9      | Killed Erolcha the black bear
  8553 | D:9      | Reached ** piety under Makhleb
  8808 | D:10     | Entered Level 10 of the Dungeon
  8831 | D:10     | Found a runed translucent gate.
  8831 | D:10     | Found a runed translucent gate.
  8831 | D:10     | Found a runed translucent gate.
  8834 | D:10     | Noticed a spectral centaur warrior
  8836 | D:10     | Noticed Patrick2011b's ghost (novice TeRe)
  8857 | D:10     | Found an ornate altar of the Wu Jian Council.
  9337 | D:10     | Gained mutation: You sometimes gain a little power by
                  | taking damage. [demonic ancestry]
  9337 | D:10     | Reached XP level 11. HP: 79/87 MP: 18/18
  9343 | D:10     | Found an opulent altar of Gozag.
  9685 | D:11     | Found a portal to a secret trove of treasure.
  9730 | D:11     | Found a gate leading to a gauntlet.
  9737 | Gauntlet | Entered a Gauntlet
  9737 | Gauntlet | Found a transporter.
  9737 | Gauntlet | Found a transporter.
  9741 | Gauntlet | Found a transporter.
  9741 | Gauntlet | Found a transporter.
  9750 | Gauntlet | Found a transporter.
  9764 | Gauntlet | Noticed a death scarab
  9769 | Gauntlet | Found a transporter.
  9775 | Gauntlet | Noticed a blizzard demon
  9779 | Gauntlet | Found a transporter.
  9779 | Gauntlet | Found a transporter.
  9783 | Gauntlet | Found a transporter.
  9810 | Gauntlet | Found a transporter.
  9817 | Gauntlet | Found a transporter.
  9859 | Gauntlet | Found a transporter.
  9870 | Gauntlet | Found a transporter.
  9884 | Gauntlet | Found a transporter.
  9884 | Gauntlet | Found the +7 mace of Variability {chaos, chaos arc}
  9985 | Gauntlet | Found a transporter.
 10001 | Gauntlet | Found a transporter.
 10130 | Gauntlet | Killed a death scarab
 10136 | Gauntlet | HP: 2/69 [spectral six-headed hydra (3)]
 10136 | Gauntlet | Mangled by a spectral six-headed hydra

Illustrated notes

Levels and vault maps discovered:
D:1:      sevenhm_arrival_forest_fort_small_6, layout_loops_corners,
          serial_forest, infiniplex_forest_corner_1,
          infiniplex_forest_clump_long, infiniplex_forest_end_1,
          infiniplex_forest_lined_2, infiniplex_forest_straight_2,
          infiniplex_forest_diagonal, infiniplex_forest_lined_1,
          chequers_ecumenical_altar_island, minivault_24
D:2:      layout_loops_ring, basic_altar
D:3:      layout_loops_corners, cheibrodos_ashenzari_chains,
          cheibrodos_worm_habitat
D:4:      layout_loops_corners, mainiacjoe_overflow_surrounded_room,
          mainiacjoe_overflow_big_doors, minmay_temple_entry_statues_pillars,
          serial_bayou, serial_bayou_pond_c, serial_bayou_shore_a,
          serial_bayou_pond_a, serial_bayou_ford_a, dreamdust_mushroom_princess,
          nicolae_figureground_pulse
D:5:      layout_basic, general_overflow_altar,
          nicolae_qazlal_scattered_showers, portal_sewer_entry_a,
          hangedman_abyss_or_decor_passed
D:6:      layout_basic, minmay_misc_feat_pillars,
          hangedman_abyss_or_decor_slice, uniq_eustachio
D:7:      layout_basic, chequers_serial_rivers_micro_e, uniq_menkaure
D:8:      layout_rooms
D:9:      layout_roguey, grunt_dithmenos_smoke_and_mirrors,
          kennysheep_mini_moat, david_lair_generic, uniq_erolcha, uniq_pikel
D:10:     layout_cave_pods, nicolae_overflow_hidden_temple,
          gammafunk_ghost_necromancy
D:11:     layout_loops_cross, nicolae_trove_entry_crossroad,
          gauntlet_entry_generic, uniq_maurice
Temple:   chequers_temple_sunken
Gauntlet: gammafunk_gauntlet_branching [gammafunk_gauntlet_arena_split_diamond,
          gammafunk_gauntlet_arena_arrow_garden, nicolae_gauntlet_swirl,
          gammafunk_gauntlet_arena_hedges, nicolae_gauntlet_arena_blocks,
          nicolae_gauntlet_arena_quarters, nicolae_gauntlet_arena_t_cross,
          gammafunk_gauntlet_arena_teeth, gauntlet_exit_watery]

Skill      XL: |  1  2  3  4  5  6  7  8  9 10 11 |
---------------+----------------------------------+-----
Axes           | 2 3 4 5 6 7 9 10 | 10.6
Armour         | 3 4 5 7 |  7.9
Fighting       | 4 5 6 7 8 |  8.6
Invocations    | 3 6 7 8 |  8.1
Shields        | |  2.6

Action                     |  1- 3 |  4- 6 |  7- 9 | 10-12 || total
---------------------------+-------+-------+-------+-------++-------
  Melee: War axe           |    77 |    66 |   356 |   147 ||   646
         Kick              |     9 |    18 |   128 |    65 ||   220
  Evoke: Wand              |       |       |     7 |     2 ||     9
    Use: Potion            |       |     7 |       |     2 ||     9
         Scroll            |       |       |    13 |     3 ||    16
 Armour: Scale mail        |    52 |    45 |   257 |       ||   354
         Fire dragon scale |       |       |       |   109 ||   109
  Dodge: Dodged            |    37 |    50 |   241 |    85 ||   413
